 Dungeon Crawl Stone Soup version 0.24-a0-813-g0f74319 (webtiles) character file.

Game seed: 7392680827114546805, levelgen mode: deterministic

35702 Laraso the Fencer (level 13, -9/157 HPs)
             Began as a Minotaur Fighter on Oct 12, 2019.
             Was an Elder of Wu Jian.
             Mangled by Snorg (19 damage)
             ... on level 4 of the Lair of Beasts.
             The game lasted 00:23:50 (15411 turns).

Laraso the Fencer (Minotaur Fighter)               Turns: 15411, Time: 00:23:51

Health: -9/157     AC: 21    Str: 26    XL:     13   Next: 49%
Magic:  12/12      EV: 12    Int:  5    God:    Wu Jian [****..]
Gold:   916        SH:  0    Dex: 17    Spells: 10/12 levels left

rFire    . . .     SeeInvis .   a - +0 great sword
rCold    + . .     Gourm    .   (shield currently unavailable)
rNeg     . . .     Faith    .   s - +0 plate armour
rPois    .         Spirit   .   (helmet restricted)
rElec    .         Reflect  .   (no cloak)
rCorr    .         Harm     .   k - +1 pair of gloves
MR       .....                  n - +1 pair of boots
Stlth    ..........             g - amulet of rage
HPRegen  0.76/turn              B - ring of protection from cold
MPRegen  0.13/turn              (no ring)

@: berserking, lethally poisoned (-9 -> -24), very slightly contaminated,
glowing, heavenly storm, very quick
A: retaliatory headbutt, horns 2, agile 1, regeneration 1
a: Wall Jump, Serpent's Lash, Renounce Religion, Evoke Berserk Rage


You were on level 4 of the Lair of Beasts.
You worshipped Wu Jian.
Wu Jian was greatly pleased with you.
You were not hungry.

You visited 3 branches of the dungeon, and saw 17 of its levels.
You also visited: Ice Cave.

You collected 1062 gold pieces.
You spent 146 gold pieces at shops.

Inventory:

Hand Weapons
 a - a +0 great sword (weapon)
 b - a +2 scimitar of flaming
Missiles
 v - 5 curare-tipped darts (quivered)
Armour
 k - a +1 pair of gloves (worn)
 n - a +1 pair of boots (worn)
 s - a +0 plate armour (worn)
Jewellery
 g - an amulet of rage (around neck)
 B - a ring of protection from cold (left hand)
 N - an uncursed ring of resist corrosion {unknown}
Wands
 e - a wand of polymorph (6)
 j - a wand of digging (10)
 p - a wand of enslavement (7)
 z - a wand of iceblast (7)
 A - a wand of clouds (2)
 L - a wand of flame (15)
Scrolls
 h - 13 scrolls of remove curse
 m - 6 scrolls of teleportation
 w - 6 scrolls of enchant weapon
 x - 3 scrolls of amnesia
 y - 3 scrolls of fear
 C - a scroll of holy word
 D - a scroll of enchant armour
 E - 2 scrolls of identify
 F - a scroll of magic mapping
 M - a scroll of silence
Potions
 c - 2 potions of flight
 d - 6 potions of might
 i - 5 potions of brilliance
 l - 4 potions of magic
 o - 4 potions of curing
 q - 7 potions of heal wounds
 r - 5 potions of invisibility
 t - 3 potions of cancellation
 u - 2 potions of haste
 H - a potion of lignification
 I - 2 potions of agility
 J - a potion of ambrosia
Comestibles
 f - 15 rations
 K - 11 chunks of flesh


   Skills:
 - Level 7.0 Fighting
 - Level 20.0 Long Blades
 - Level 14.0 Armour
 * Level 7.5 Dodging
   Level 3.6 Shields


You had 10 spell levels left.
You knew the following spells:

 Your Spells              Type           Power        Failure   Level  Hunger
a - Swiftness             Chrm/Air       #.......     99%         2    ###....

Your spell library contained the following spells:

 Spells                   Type           Power        Failure   Level  Hunger
 Beastly Appendage        Tmut           #.....       98%         1    ##.....
 Corona                   Hex            #......      98%         1    ##.....
 Shock                    Conj/Air       #...         98%         1    ##.....
 Blink                    Tloc           N/A          99%         2    ###....
 Ensorcelled Hibernation  Hex/Ice        #.....       99%         2    ###....
 Poisonous Vapours        Pois/Air       #.....       99%         2    ###....
 Shroud of Golubria       Chrm/Tloc      #.....       99%         2    ###....
 Sticks to Snakes         Tmut           #.......     99%         2    ###....
 Confuse                  Hex            #.......     100%        3    ####...
 Conjure Flame            Conj/Fire      #.......     100%        3    ####...
 Dazzling Spray           Conj/Hex       #.....       100%        3    ####...
 Gell's Gravitas          Tloc           #.........   100%        3    ####...
 Lesser Beckoning         Tloc           #.........   100%        3    ####...
 Mephitic Cloud           Conj/Pois/Air  #.......     100%        3    ####...
 Spider Form              Tmut/Pois      #.........   100%        3    ####...
 Static Discharge         Conj/Air       #.......     100%        3    ####...
 Teleport Other           Tloc           #.......     100%        3    ####...
 Tukima's Dance           Hex            #.......     100%        3    ####...
 Airstrike                Air            #.........   100%        4    #####..
 Ice Form                 Ice/Tmut       #.......     100%        4    #####..
 Passage of Golubria      Tloc           N/A          100%        4    #####..
 Blade Hands              Tmut           #.........   100%        5    ######.
 Bolt of Magma            Conj/Fire/Erth #.........   100%        5    ######.
 Iskenderun's Battlesphe  Conj/Chrm      #.......     100%        5    ######.
 Lightning Bolt           Conj/Air       #.........   100%        5    ######.
 Venom Bolt               Conj/Pois      #.........   100%        5    ######.
 Freezing Cloud           Conj/Ice/Air   #.........   100%        6    #######
 Iron Shot                Conj/Erth      #.........   100%        6    #######
 Orb of Destruction       Conj           #.........   100%        7    #######
 Ring of Flames           Chrm/Fire      #.........   100%        7    #######
 Spellforged Servitor     Conj/Summ      #.........   100%        7    #######


Dungeon Overview and Level Annotations

Branches:
Dungeon (12/15)            Temple (1/1) D:7            Lair (4/6) D:8
 Shoals (0/4) Lair:2       Spider (0/4) Lair:2          Orc (0/2) D:10
  IceCv (visited)

Altars:
Ashenzari
Cheibriados
Dithmenos
Elyvilon
Fedhas
Gozag
Hepliaklqana
Kikubaaqudgha
Makhleb
Nemelex Xobeh
Okawaru
Qazlal
Ru
Sif Muna
Trog
Uskayaw
Vehumet
Wu Jian
Xom
Yredelemnul
Zin
The Shining One

Shops:
D:5 !!:}   D:6 *   D:7 %

Annotations:
D:10 1 runed translucent door
Lair:4 Snorg


Innate Abilities, Weirdness & Mutations

You reflexively headbutt those who attack you in melee.
You have a pair of horns on your head.
You are agile. (Dex +2)
Your natural rate of healing is unusually fast.


Message History

The killer bee barely misses you. You furiously retaliate!
You headbutt the killer bee!!
You kill the killer bee!
The Council accepts your kill.
Things that are here:
a ration; a killer bee corpse You take 20 damage, and have 27/105 hp.
A red film seems to cover your vision as you go berserk!
You feel yourself moving faster!
You feel mighty!
You feel sick.
The killer bee stings you but does no damage. x2
Snorg bites you.
* * * LOW HITPOINT WARNING * * *
Snorg closely misses you. Snorg misses you. The killer bee stings you.
* * * LOW HITPOINT WARNING * * *
The killer bee stings you.
* * * LOW HITPOINT WARNING * * *
You are more poisoned.
The killer bee poisons you! The killer bee barely misses you.
You riposte.
Your plate armour prevents you from hitting the killer bee.
The killer bee closely misses you.
You riposte.
You slash the killer bee!
You kill the killer bee!
The Council accepts your kill. The killer bee misses you.
You furiously retaliate!
You headbutt the killer bee!!
You kill the killer bee!
The Council accepts your kill.
You now have 32/157 hp.
You spin and attack the killer bee.
You closely miss the killer bee.
You spin and attack the killer bee repeatedly.
You slice the killer bee!!
You kill the killer bee!
The Council accepts your kill.
You feel sick. The killer bee barely misses you.
The killer bee stings you but does no damage.
The killer bee stings you!
* * * LOW HITPOINT WARNING * * *
You are more poisoned.
The killer bee poisons you!
You see here a ration.
You take 7 damage, and have 25/157 hp.
You slice the killer bee!!
You kill the killer bee!
The Council accepts your kill.
You feel sick. Snorg bites you.
* * * LOW HITPOINT WARNING * * *
Snorg claws you.
* * * LOW HITPOINT WARNING * * *
Snorg barely misses you.
The killer bee stings you but does no damage.
You take 13 damage, and have 12/157 hp.
You repeatedly attack Snorg from above.
You slice Snorg!! x2
You cut Snorg into ribbons!!!
You repeatedly attack the killer bee from above.
You slice the killer bee!!
You kill the killer bee!
The Council accepts your kill.
* * * LOW HITPOINT WARNING * * *
You feel very sick. Snorg bites you!!
You die...

P♣ ♣P.. ♣. ♣... ♣
♣♣P♣ ..' ♣.♣... #.###
. ....## .☼☼# .♣
...####☼☼##### ..♣♣#
##.#.☼☼☼☼§§§☼#
♣♣..♣##.†.†☼☼§§T§§§#
..).##..))#§☼☼§§@☼§#
..†÷.#..##.☼☼☼§§§§§.#
....<...####§§§§☼§§##
......#.# #P.######
.#...#### #### ######


You could see Snorg (berserk).

Vanquished Creatures
  Erica (D:8)
  4 hydras
  A death knight (D:12)
  2 two-headed ogres
  A tengu warrior (D:11)
  Urug (Lair:3)
  An unseen horror (D:11)
  A wizard (D:11)
  A necromancer (IceCv)
  2 oklob plants
  A cyclops (D:12)
  2 centaur zombies
  2 ice statues (IceCv)
  A torpor snail (Lair:3)
  5 spiny frogs
  2 komodo dragons
  A rime drake (Lair:4)
  10 ice devils (IceCv)
  The ghost of Jonathan7162 the Ruffian, an amateur TrFi of Makhleb (D:4)
  A queen bee (Lair:4)
  A troll (D:11)
  3 meliai (Lair:4)
  10 blink frogs
  6 hippogriffs
  2 basilisks
  A wraith (D:11)
  37 yaks
  3 wyverns
  2 steam dragons (D:7)
  2 hungry ghosts (D:8)
  Menkaure (D:4)
  10 water moccasins
  5 porcupines
  4 orc warriors
  2 ice beasts
  2 sky beasts
  2 necrophages (D:10)
  2 black bears
  An eye of draining (D:10)
  5 ogres
  A phantom (D:10)
  A wolf (Lair:4)
  8 centaurs
  8 crocodiles
  12 bullfrogs
  4 scorpions
  A water moccasin skeleton (D:8)
  13 wights
  21 killer bees (Lair:4)
  An electric eel (Lair:4)
  A bullfrog zombie (D:7)
  6 crimson imps
  A draconian simulacrum (IceCv)
  7 orc priests
  11 hounds
  5 jellies
  3 bullfrog skeletons
  3 centaur skeletons
  2 iguanas
  5 orc wizards
  Jessica (D:2)
  Natasha (thrice) (D:4)
  9 worker ants
  Terence (D:3)
  A troll simulacrum (IceCv)
  A spriggan simulacrum (IceCv)
  A killer bee zombie (D:10)
  3 centaur simulacra (IceCv)
  2 hound zombies (D:6)
  A hound skeleton (D:4)
  3 worker ant zombies
  Robin (D:2)
  10 gnolls
  2 naga simulacra (IceCv)
  2 ogre simulacra (IceCv)
  12 adders
  2 shadow imps
  7 oozes
  A worm (D:6)
  A dart slug (D:2)
  5 leopard geckos
  32 orcs
  5 giant cockroaches
  22 goblins
  7 hobgoblins
  13 jackals
  7 quokkas
  3 ball pythons
  5 bats
  6 frilled lizards
  12 kobolds
  A quokka zombie (D:7)
  7 rats
  A plant (Lair:1)
446 creatures vanquished.

Vanquished Creatures (others)
  3 fungi (Lair:4)
  2 plants (Lair:4)
  4 toadstools (D:1)
9 creatures vanquished.

Grand Total: 455 creatures vanquished

Notes
Turn   | Place    | Note
-------+----------+-------------------------------------------
     0 | D:1      | Laraso the Minotaur Fighter began the quest for the Orb.
     0 | D:1      | Reached XP level 1. HP: 19/19 MP: 0/0
   162 | D:1      | Reached skill level 3 in Long Blades
   238 | D:1      | Reached XP level 2. HP: 26/26 MP: 1/1
   556 | D:1      | Reached skill level 4 in Long Blades
   875 | D:2      | Reached XP level 3. HP: 31/31 MP: 2/2
   881 | D:2      | Noticed Robin
   914 | D:2      | Killed Robin
   948 | D:2      | Reached skill level 5 in Long Blades
  1081 | D:2      | Noticed Jessica
  1087 | D:2      | Killed Jessica
  1087 | D:2      | Reached XP level 4. HP: 38/39 MP: 3/3
  1327 | D:3      | Reached skill level 6 in Long Blades
  1350 | D:3      | Reached XP level 5. HP: 31/45 MP: 4/4
  1612 | D:3      | Noticed Terence
  1625 | D:3      | Killed Terence
  1892 | D:3      | Reached skill level 7 in Long Blades
  2125 | D:3      | Found an ancient bone altar of Kikubaaqudgha.
  2466 | D:4      | Noticed Natasha
  2480 | D:4      | Reached XP level 6. HP: 25/51 MP: 5/5
  2488 | D:4      | Killed Natasha
  2676 | D:4      | Reached skill level 8 in Long Blades
  2811 | D:4      | Noticed a wyvern
  2811 | D:4      | an orc priest changed into a wyvern
  3013 | D:3      | HP: 19/51 [wyvern (9)]
  3016 | D:3      | Killed a wyvern
  3016 | D:3      | Reached skill level 9 in Long Blades
  3016 | D:3      | Reached XP level 7. HP: 22/57 MP: 6/6
  3026 | D:4      | HP: 21/57 [orc priest (3)]
  3029 | D:4      | HP: 8/57 [orc priest/divine providence (13)]
  3342 | D:4      | Noticed Menkaure
  3351 | D:4      | HP: 19/57 [Menkaure (11)]
  3353 | D:4      | HP: 7/57 [??? (4)]
  3354 | D:4      | Killed Menkaure
  3354 | D:4      | Reached skill level 10 in Long Blades
  3796 | D:4      | Noticed Natasha
  3802 | D:4      | Killed Natasha
  3832 | D:4      | Found a sacrificial altar of Ru.
  4069 | D:4      | Noticed Jonathan7162's ghost (amateur TrFi)
  4070 | D:4      | Found a runed translucent door.
  4085 | D:4      | HP: 22/57 [Jonathan7162's ghost (4)]
  4091 | D:4      | Killed Jonathan7162's ghost
  4091 | D:4      | Reached skill level 11 in Long Blades
  4091 | D:4      | Reached XP level 8. HP: 23/64 MP: 7/7
  4349 | D:4      | Noticed Grinder
  4353 | D:4      | Paralysed by Grinder for 4 turns
  4357 | D:4      | Noticed Grinder
  4357 | D:4      | Grinder changed into Grinder the crimson imp
  4360 | D:4      | Killed Grinder the crimson imp
  4447 | D:4      | Noticed Natasha
  4453 | D:4      | Killed Natasha
  4833 | D:5      | Entered Level 5 of the Dungeon
  4833 | D:5      | Found Pigif's Distillery.
  4977 | D:5      | Found Ocheijax's Gadget Shop.
  5062 | D:5      | Reached skill level 12 in Long Blades
  5260 | D:5      | Found Kypnaod's Distillery.
  5263 | D:5      | Bought a potion of mutation for 104 gold pieces
  5263 | D:5      | Gained mutation: Your natural rate of healing is unusually
                  | fast. [potion of mutation]
  5263 | D:5      | Gained mutation: You are agile. (Dex +2) [potion of
                  | mutation]
  5524 | D:5      | Found Wuongant's Book Emporium.
  5599 | D:5      | Learned a level 2 spell: Swiftness
  5767 | D:6      | Found Weuzepp's General Store.
  5801 | D:6      | Bought 5 curare-tipped darts for 42 gold pieces
  5820 | D:6      | Reached skill level 13 in Long Blades
  6130 | D:6      | Reached XP level 9. HP: 70/70 MP: 8/8
  6371 | D:7      | Found a staircase to the Ecumenical Temple.
  6449 | Temple   | Entered the Ecumenical Temple
  6696 | Temple   | Became a worshipper of the Wu Jian Council
  6752 | D:7      | Reached skill level 14 in Long Blades
  7005 | D:7      | Found Agaheif's Food Shoppe.
  7076 | D:7      | Reached skill level 4 in Fighting
  7085 | D:7      | Reached skill level 4 in Armour
  7085 | D:7      | Reached skill level 1 in Dodging
  7585 | D:8      | Reached skill level 2 in Dodging
  7693 | D:8      | Reached skill level 5 in Fighting
  7713 | D:8      | Reached skill level 5 in Armour
  7729 | D:8      | Reached * piety under Wu Jian
  7729 | D:8      | Reached skill level 3 in Dodging
  7802 | D:8      | Found a staircase to the Lair.
  7808 | D:8      | Noticed Erica
  7818 | D:8      | Killed Erica
  7818 | D:8      | Reached skill level 6 in Fighting
  7818 | D:8      | Reached skill level 4 in Dodging
  7818 | D:8      | Reached XP level 10. HP: 72/83 MP: 9/9
  7867 | D:8      | Reached skill level 6 in Armour
  8537 | D:9      | Reached skill level 5 in Dodging
  8539 | D:9      | Reached skill level 7 in Fighting
  8542 | D:9      | Reached skill level 7 in Armour
  8712 | D:9      | Reached skill level 6 in Dodging
  8720 | D:9      | Reached ** piety under Wu Jian
  8902 | D:9      | Reached skill level 7 in Dodging
  9131 | D:10     | Entered Level 10 of the Dungeon
  9179 | D:10     | Found a staircase to the Orcish Mines.
  9209 | D:10     | Noticed a two-headed ogre
  9214 | D:10     | Reached skill level 15 in Long Blades
  9223 | D:10     | Killed a two-headed ogre
  9315 | D:10     | Found a runed translucent door.
  9445 | D:10     | Reached XP level 11. HP: 86/92 MP: 10/10
  9540 | D:10     | Noticed a fire crab
  9885 | D:11     | Killed an unseen horror
  9885 | D:11     | Reached skill level 16 in Long Blades
 10033 | D:11     | Noticed a tengu warrior
 10046 | D:11     | Killed a tengu warrior
 10046 | D:11     | Reached skill level 17 in Long Blades
 10134 | D:11     | Noticed a six-headed hydra
 10142 | D:11     | Killed a two-headed hydra
 10278 | D:11     | Reached *** piety under Wu Jian
 10320 | D:11     | Noticed a seven-headed hydra
 10327 | D:11     | Killed a four-headed hydra
 10481 | D:11     | Noticed a wizard
 10545 | D:11     | Killed a wizard
 10545 | D:11     | Reached skill level 18 in Long Blades
 10797 | D:11     | Noticed a two-headed ogre
 10809 | D:11     | Killed a two-headed ogre
 10969 | D:11     | Identified the +8 quarterstaff "Xaez" {crush, Int+7}
 11060 | D:12     | Noticed a death knight
 11072 | D:12     | HP: 33/92 [death knight/+0 broad axe (14)]
 11073 | D:12     | HP: 8/92 [death knight/+0 broad axe (26)]
 11074 | D:12     | Killed a death knight
 11074 | D:12     | Reached XP level 12. HP: 8/100 MP: 11/11
 11081 | D:12     | HP: 7/100 [centaur warrior zombie (5)]
 11372 | D:12     | HP: 40/100 [ice beast[a deep elf mage] (4)]
 11378 | D:12     | HP: 32/100 [something (1)]
 11385 | D:12     | HP: 26/100 [ogre/+0 giant spiked club (10)]
 11513 | D:12     | Reached skill level 19 in Long Blades
 11646 | Lair:1   | Entered Level 1 of the Lair of Beasts
 11662 | Lair:1   | Found a frozen archway.
 11684 | IceCv    | Entered an ice cave
 11712 | IceCv    | Reached **** piety under Wu Jian
 12275 | IceCv    | Reached skill level 20 in Long Blades
 12386 | Lair:1   | HP: 39/100 [blink frog (3)]
 12391 | Lair:1   | HP: 38/100 [poisoned by a water moccasin]
 12396 | Lair:1   | HP: 31/100 [poisoned by a water moccasin]
 12401 | Lair:1   | HP: 13/100 [blink frog (7)]
 12408 | D:8      | HP: 15/100 [poisoned by a water moccasin]
 12658 | Lair:1   | Reached skill level 8 in Armour
 12691 | Lair:1   | Reached skill level 9 in Armour
 13319 | Lair:2   | Reached skill level 10 in Armour
 13550 | Lair:2   | Found a hole to the Spider Nest.
 13792 | Lair:2   | Found a staircase to the Shoals.
 13938 | Lair:3   | Noticed a five-headed hydra
 13969 | Lair:3   | Killed a one-headed hydra
 13969 | Lair:3   | Reached skill level 11 in Armour
 13978 | Lair:3   | Reached XP level 13. HP: 79/105 MP: 12/12
 14078 | Lair:3   | Reached ***** piety under Wu Jian
 14167 | Lair:3   | Noticed Urug
 14263 | Lair:2   | Reached skill level 12 in Armour
 14351 | Lair:3   | Killed Urug
 14672 | Lair:3   | Reached skill level 13 in Armour
 15401 | Lair:4   | Reached skill level 14 in Armour
 15402 | Lair:4   | Noticed Snorg
 15407 | Lair:4   | HP: 27/105 [Snorg (18)]
 15410 | Lair:4   | HP: 12/157 [Snorg (6)]
 15411 | Lair:4   | Mangled by Snorg

Levels and vault maps discovered:
D:1:      ldierk_walled_garden_2, layout_loops_corners, chequers_arboretum
D:2:      layout_basic, uniq_robin, uniq_jessica
D:3:      layout_basic, nicolae_overflow_hidden_temple, moated_statue,
          chequers_serial_rivers_large_a, uniq_terence
D:4:      layout_layer_cave, first_ration, gammafunk_ghost_grave,
          nicolae_ru_the_path_less_chosen, uniq_natasha, uniq_grinder,
          uniq_menkaure
D:5:      layout_loops_corners, serial_shops, nicolae_shop_trees,
          kennysheep_mini_moat, shop, shop
D:6:      layout_basic, serial_shops, shop, minmay_misc_feat_four_crosses
D:7:      cheibrodos_steamvent, layout_gridville,
          minmay_temple_entry_gardened_gates, serial_shops, shop_coins
D:8:      layout_gridville, lair_entry_dummy, hangedman_little_slice_of_home,
          uniq_erica
D:9:      layout_cave_pods
D:10:     gammafunk_mikee_crab_dinner, layout_cross
D:11:     layout_roguey, minmay_librarian
D:12:     layout_gridville, elves_outpost_lemuel
Temple:   nicolae_temple_the_god_donut
Lair:1:   layout_misc_corridors, portal_ice_cave_entry_pillars_1,
          minmay_lair_oklob_chamber
Lair:2:   layout_regular_city, elwin_shoals_entry_rocks,
          spider_nest_entry_web_field, chequers_serial_rivers_small_b,
          dpeg_stationary_puzzle
Lair:3:   layout_cave_pods, grunt_megastairs_5, uniq_urug
Lair:4:   layout_roguey [special_room_bee], enter_volcano_2,
          grunt_forest_stairs_basic, wad_woods_river_01, uniq_snorg

Skill      XL: |  1  2  3  4  5  6  7  8  9 10 11 12 13 |
---------------+----------------------------------------+-----
Long Blades    | 3 4 5 6 7 9 11 13 14 15 18 20 | 20.0
Fighting       | 6 7 |  7.0
Armour         | 5 7 11 14 | 14.0
Dodging        | 4 7 |  7.5
Shields        | |  3.6

Action                   |  1- 3 |  4- 6 |  7- 9 | 10-12 | 13-15 || total
-------------------------+-------+-------+-------+-------+-------++-------
Melee: Long sword        |    78 |   132 |   214 |       |       ||   424
       Headbutt          |     9 |    25 |    66 |   169 |    59 ||   328
       Scimitar          |       |       |   106 |   430 |     5 ||   541
       Great sword       |       |       |       |   269 |   229 ||   498
Invok: Lunge             |       |       |    14 |    46 |    13 ||    73
       Whirlwind         |       |       |       |    95 |    68 ||   163
       Heavenly Storm    |       |       |       |       |     1 ||     1
 Abil: Wall Jump         |       |       |       |     2 |     4 ||     6
Evoke: Wand              |       |     5 |     6 |     1 |       ||    12
  Use: Scroll            |     1 |     8 |     5 |    16 |       ||    30
       Potion            |       |     1 |     1 |       |     2 ||     4
 Stab: Sleeping          |       |       |       |     2 |       ||     2
       Invisible         |       |       |       |       |     8 ||     8
  Eat: Chunk             |     1 |     6 |    13 |    17 |     6 ||    43
       Ration            |       |       |     1 |     1 |       ||     2
Armor: Scale mail        |    15 |    52 |     2 |       |       ||    69
       Chain mail        |       |       |    68 |       |       ||    68
       Steam dragon scal |       |       |    12 |    31 |       ||    43
       Plate armour      |       |       |       |   200 |    91 ||   291
Dodge: Dodged            |    23 |    31 |    53 |   176 |   119 ||   402
Block: Shield            |    32 |    66 |   105 |       |       ||   203
       Buckler           |       |       |     7 |    77 |       ||    84
       Rpst.: Long sword |     6 |     6 |     9 |       |       ||    21
       Scimitar          |       |       |     4 |    23 |     1 ||    28
       Great sword       |       |       |       |    14 |    34 ||    48

Table legend:
 A = Non-vault XP
 B = Vault XP
 C = Vault XP percentage of total XP
 D = Non-vault monster count
 E = Vault monster count
 F = Vault count percentage of total count
                 A         B        C        D         E       F
            +---------+---------+-------+---------+---------+-------
      Total |   37359 |   13645 |  26.8 |     360 |      85 |  19.1
            +---------+---------+-------+---------+---------+-------
        D:1 |      35 |       0 |   0.0 |      23 |       0 |   0.0
        D:2 |      40 |      75 |  65.2 |      19 |      14 |  42.4
        D:3 |     364 |      32 |   8.1 |      27 |       1 |   3.6
        D:4 |     441 |     583 |  56.9 |      17 |       4 |  19.0
        D:5 |     523 |       0 |   0.0 |      21 |       0 |   0.0
        D:6 |     728 |       0 |   0.0 |      23 |       0 |   0.0
        D:7 |     870 |     366 |  29.6 |      22 |       2 |   8.3
        D:8 |    1638 |    1097 |  40.1 |      22 |       9 |  29.0
        D:9 |    1954 |       0 |   0.0 |      22 |       0 |   0.0
       D:10 |    2669 |       0 |   0.0 |      22 |       0 |   0.0
       D:11 |    8969 |     697 |   7.2 |      51 |       1 |   1.9
       D:12 |    2744 |       0 |   0.0 |      18 |       0 |   0.0
     Lair:1 |    3200 |     542 |  14.5 |      17 |       1 |   5.6
     Lair:2 |    3045 |    1606 |  34.5 |      13 |       2 |  13.3
     Lair:3 |    6987 |     819 |  10.5 |      28 |       1 |   3.4
     Lair:4 |    3152 |    2740 |  46.5 |      15 |      27 |  64.3
      IceCv |       0 |    5088 | 100.0 |       0 |      23 | 100.0
            +---------+---------+-------+---------+---------+-------

Table legend:
 A = Kills in this place as a percentage of kills in entire the game.
 B = Kills by you in this place as a percentage of kills by you in the entire game.
 C = Kills by friends in this place as a percentage of kills by friends in the entire game.
 D = Other kills in this place as a percentage of other kills in the entire game.
 E = Experience gained in this place as a percentage of experience gained in the entire game.
 F = Experience gained in this place divided by the number of levels of this place that you have seen.
                   A       B       C       D       E      F
               +-------+-------+-------+-------+-------+----------------------
         Total | 100.0 | 100.0 |   N/A |   N/A | 100.0 | 2833.6
       Dungeon |  71.5 |  71.5 |   N/A |   N/A |  46.7 | 1985.4
          Lair |  23.4 |  23.4 |   N/A |   N/A |  43.3 | 5522.8
      Ice Cave |   5.2 |   5.2 |   N/A |   N/A |  10.0 | 5088.0
               +-------+-------+-------+-------+-------+----------------------

Table legend:
 A = Turns spent in this place as a percentage of turns spent in the entire game.
 B = Non-inter-level travel turns spent in this place as a percentage of non-inter-level travel turns spent in the entire game.
 C = Inter-level travel turns spent in this place as a percentage of turns spent in this place.
 D = Turns resting spent in this place as a percentage of non-inter-level travel turns spent in this place.
 E = Turns spent auto-exploring this place as a percentage of non-inter-level travel turns spent in this place.
 F = Non-inter-level travel turns spent in this place divided by the number of levels of this place that you've seen.
                   A       B       C       D       E      F
               +-------+-------+-------+-------+-------+----------------------
         Total | 100.0 | 100.0 |   3.9 |  20.8 |  55.0 | 822.7
       Dungeon |  75.4 |  75.2 |   4.2 |  21.8 |  55.6 | 928.2
        Temple |   1.7 |   1.6 |  10.7 |   0.0 |  97.0 | 233.0
          Lair |  18.6 |  18.8 |   3.1 |  13.7 |  59.8 | 694.5
      Ice Cave |   4.3 |   4.4 |   0.0 |  42.6 |   8.4 | 658.0
               +-------+-------+-------+-------+-------+----------------------

Levels and vault maps discovered:
D:1:      ldierk_walled_garden_2, layout_loops_corners, chequers_arboretum
D:2:      layout_basic, uniq_robin, uniq_jessica
D:3:      layout_basic, nicolae_overflow_hidden_temple, moated_statue,
          chequers_serial_rivers_large_a, uniq_terence
D:4:      layout_layer_cave, first_ration, gammafunk_ghost_grave,
          nicolae_ru_the_path_less_chosen, uniq_natasha, uniq_grinder,
          uniq_menkaure
D:5:      layout_loops_corners, serial_shops, nicolae_shop_trees,
          kennysheep_mini_moat, shop, shop
D:6:      layout_basic, serial_shops, shop, minmay_misc_feat_four_crosses
D:7:      cheibrodos_steamvent, layout_gridville,
          minmay_temple_entry_gardened_gates, serial_shops, shop_coins
D:8:      layout_gridville, lair_entry_dummy, hangedman_little_slice_of_home,
          uniq_erica
D:9:      layout_cave_pods
D:10:     gammafunk_mikee_crab_dinner, layout_cross
D:11:     layout_roguey, minmay_librarian
D:12:     layout_gridville, elves_outpost_lemuel
Temple:   nicolae_temple_the_god_donut
Lair:1:   layout_misc_corridors, portal_ice_cave_entry_pillars_1,
          minmay_lair_oklob_chamber
Lair:2:   layout_regular_city, elwin_shoals_entry_rocks,
          spider_nest_entry_web_field, chequers_serial_rivers_small_b,
          dpeg_stationary_puzzle
Lair:3:   layout_cave_pods, grunt_megastairs_5, uniq_urug
Lair:4:   layout_roguey [special_room_bee], enter_volcano_2,
          grunt_forest_stairs_basic, wad_woods_river_01, uniq_snorg
